 Dungeon Crawl Stone Soup version 0.30-b1-2-g02819fbbbe (webtiles) character file.

Game seed: 11612342298083198351

382 MajorAdolf the Covert (level 6, -2/57 HPs)
             Began as a Naga Wanderer on Sept 21, 2023.
             Killed by divine providence
             ... invoked by an orc priest
              (13 damage)
             ... on level 3 of the Dungeon.
             The game lasted 00:06:36 (2692 turns).

MajorAdolf the Covert (Naga Wanderer)               Turns: 2692, Time: 00:06:37

Health: -2/57      AC:  8    Str: 11    XL:     6   Next: 76%
Magic:  6/6        EV:  8    Int: 11    God:
Gold:   72         SH:  5    Dex: 17    Spells: 5/5 levels left

rFire   . . .        q - +0 short sword (venom)
rCold   + . .        d - +0 buckler {AC+3}
rNeg    . . .        u - +2 robe {Will+}
rPois   +            (no helmet)
rElec   .            (no cloak)
rCorr   .            (no gloves)
SInv    +            (no barding)
Will    +....        (no amulet)
Stlth   +++++        a - ring of protection from cold
HPRegen 0.29/turn    (no ring)
MPRegen 0.10/turn

%: no passive effects
@: very slow
A: AC +2, large, see invisible, deformed body, poison resistance, slowness 2,
spit poison 1, naga tail 1
a: Spit Poison


You were on level 3 of the Dungeon.
You visited 1 branch of the dungeon, and saw 3 of its levels.

You collected 72 gold pieces.

Inventory:

Hand Weapons
 q - a +0 short sword of venom (weapon)
Missiles
 c - 15 poisoned darts (quivered)
 n - a throwing net
Armour
 d - a +0 buckler of protection (worn)
 u - a +2 robe of willpower (worn)
Jewellery
 a - a ring of protection from cold (left hand)
Scrolls
 e - a scroll of fog
 f - a scroll of teleportation {unknown}
 j - a scroll of enchant weapon {unknown}
 k - a scroll of enchant armour {unknown}
 m - a scroll of identify {unknown}
 o - a scroll of vulnerability {unknown}
 r - a scroll of immolation {unknown}
 s - a scroll of fear {unknown}
Potions
 b - a potion of lignification
 g - a potion of might {unknown}
 h - a potion of invisibility {unknown}
 i - 2 potions of ambrosia {unknown}
 l - a potion of cancellation {unknown}
 p - a potion of mutation {unknown}
 t - 2 potions of flight {unknown}


   Skills:
 - Level 4.0 Fighting
 - Level 1.0 Throwing
 + Level 10.3 Stealth
 - Level 2.6 Shields
 - Level 1.0 Invocations
 - Level 1.0 Evocations


You had 5 spell levels left.
You didn't know any spells.
Your spell library was empty.

Dungeon Overview and Level Annotations

Branches:
Dungeon (3/15)

Altars:
Okawaru


Innate Abilities, Weirdness & Mutations

Your serpentine skin is tough. (AC +2)
You have supernaturally acute eyesight. (SInv)
Armour fits poorly on your strangely shaped body.
Your system is resistant to poisons. (rPois)
You cover ground very slowly.
You can spit poison.
You have a snake-like lower body.


Message History

The orc attacks as you move away! The orc hits you with a +0 club.
The orc attacks as you move away! The orc hits you but does no damage.
Found an iron altar of Okawaru.
You block the orc's attack.
You barely miss the orc. The orc hits you but does no damage.
You closely miss the orc priest.
The orc priest hits you but does no damage.
The orc hits you with a +0 club.
You barely miss the orc priest.
The orc priest hits you but does no damage.
The orc hits you but does no damage.
You closely miss the orc priest. The orc barely misses you.
The orc priest hits you with a +0 short sword.
You hit the orc priest but do no damage.
The orc priest is poisoned.
You block the orc's attack.
Unknown command.
The orc priest hits you but does no damage.
You block the orc's attack.
An orc comes into view. It is wielding a +0 trident.
The orc priest invokes the aid of Beogh against you.
Beogh smites you! The orc priest closely misses you.
You hear a shout!
The orc attacks as you move away! The orc hits you with a +0 club.
Found a stone staircase leading up.
An orc comes into view. It is wielding a +0 hand axe.
The orc attacks as you move away! The orc hits you with a +0 club.
The orc attacks as you move away! The orc hits you but does no damage.
The orc priest looks more healthy.
The orc priest looks braver for a moment.
The orc hits you but does no damage. The orc attacks as you move away!
The orc hits you but does no damage. The orc attacks as you move away!
The orc closely misses you. The orc barely misses you.
You block the orc's attack.
The orc priest mumbles some strange prayers to Beogh against you.
Beogh smites you!
* * * LOW HITPOINT WARNING * * *
The orc attacks as you move away! The orc hits you but does no damage.
The orc priest mumbles some strange prayers to Beogh against you.
Beogh smites you!
You die...

#..###.#.#....
#####.....)..)# .#
..... #.#.#. ..<
...... #)#..# #.##
...... #†##.# #...#
......###)##.###.....
.......).)o.(.#......
.......##o##....?._..
......>@o.###.#.....
......###..oo.# ....
##### #.####.# .. #.#
.# #.# .. ##†# #.#
#.)# #... #####
#.###...#.#
.....##.....##


You could see 2 orc priests and 3 orcs.

Vanquished Creatures
  Sigmund (D:2)
  2 orc priests (D:3)
  Terence (D:2)
  Jessica (D:3)
  An orc wizard (D:3)
  2 adders
  A worm (D:2)
  5 orcs (D:3)
  7 ball pythons
  4 endoplasms
  3 giant cockroaches
  3 goblins
  5 hobgoblins
  3 quokkas (D:1)
  3 bats (D:2)
  6 frilled lizards
  5 kobolds
  5 rats
58 creatures vanquished.

Vanquished Creatures (others)
  2 fungi (D:1)
  A plant (D:1)
3 creatures vanquished.

Grand Total: 61 creatures vanquished

Notes
Turn   | Place    | Note
-------+----------+-------------------------------------------
     0 | D:1      | MajorAdolf the Naga Wanderer began the quest for the Orb.
     0 | D:1      | MajorAdolf set off with the following items: a +0 dagger, a
                  | potion of lignification, 12 poisoned darts, a +0 buckler of
                  | protection, a scroll of fog, a +0 leather armour.
     0 | D:1      | Reached XP level 1. HP: 22/22 MP: 1/1
   144 | D:1      | Reached skill level 1 in Stealth
   221 | D:1      | Reached skill level 2 in Stealth
   321 | D:1      | Reached XP level 2. HP: 30/30 MP: 2/2
   435 | D:1      | Reached skill level 3 in Stealth
   891 | D:1      | Reached skill level 4 in Stealth
   915 | D:1      | Reached XP level 3. HP: 36/36 MP: 3/3
  1675 | D:2      | Reached skill level 5 in Stealth
  1790 | D:2      | Noticed Sigmund
  2150 | D:2      | Noticed Terence
  2176 | D:2      | Killed Terence
  2177 | D:2      | Reached skill level 6 in Stealth
  2177 | D:2      | Reached XP level 4. HP: 31/44 MP: 4/4
  2492 | D:2      | Killed Sigmund
  2493 | D:2      | Reached skill level 9 in Stealth
  2493 | D:2      | Reached XP level 5. HP: 40/50 MP: 5/5
  2493 | D:2      | Reached XP level 6. HP: 45/57 MP: 6/6
  2619 | D:3      | Noticed Jessica
  2624 | D:3      | Killed Jessica
  2634 | D:3      | Reached skill level 10 in Stealth
  2679 | D:3      | Found an iron altar of Okawaru.
  2692 | D:3      | Killed from afar by an orc priest

Illustrated notes

Levels and vault maps discovered:
D:1:      dreamdust_arrival_beginning_and_end, layout_basic, serial_forest,
          infiniplex_forest_zigzag_1, infiniplex_forest_clump_medium,
          infiniplex_forest_straight_2, infiniplex_forest_lined_3,
          infiniplex_forest_lined_2, infiniplex_forest_lined_2,
          infiniplex_forest_zigzag_1, infiniplex_forest_end_1,
          infiniplex_forest_clump_cross, kennysheep_small_spiral,
          dreamdust_mushroom_princess
D:2:      layout_basic, uniq_sigmund, uniq_terence
D:3:      layout_rooms, lemuel_round_altar, uniq_jessica

Skill      XL: |  1  2  3  4  5  6 |
---------------+-------------------+-----
Stealth        | 2 4 6 9 10 | 10.3
Fighting       | |  4.0
Throwing       | |  1.0
Shields        | |  2.6
Invocations    | |  1.0
Evocations     | |  1.0

Action                     |  1- 3 |  4- 6 || total
---------------------------+-------+-------++-------
  Melee: Dagger            |    49 |       ||    49
         Short sword       |    15 |    63 ||    78
  Throw: Dart              |     1 |       ||     1
Ability: Spit Poison       |    45 |     4 ||    49
   Stab: Sleeping          |     2 |     1 ||     3
 Armour: Leather armour    |    31 |     3 ||    34
         Robe              |       |    29 ||    29
  Dodge: Dodged            |    26 |    27 ||    53
  Block: Buckler           |    19 |    19 ||    38
